 Dungeon Crawl Stone Soup version 0.25-a0-482-g9b3b753f3f (webtiles) character file.

Game seed: 10999635763488655219, levelgen mode: deterministic

107 Emblim88 the Sneak (level 4, 0/21 HPs)
             Began as a Spriggan Enchanter on Feb 10, 2020.
             Was a Follower of Zin.
             Slain by an adder (3 damage)
             ... on level 3 of the Dungeon.
             The game lasted 00:10:00 (3042 turns).

Emblim88 the Sneak (Spriggan Enchanter)             Turns: 3042, Time: 00:10:01

Health: 0/21       AC:  2    Str:  4    XL:     4   Next: 57%
Magic:  4/10       EV: 19    Int: 17    God:    Zin [*.....]
Gold:   101        SH:  0    Dex: 16    Spells: 1/10 levels left

rFire    . . .     SeeInvis +   h - +2 dagger (venom)
rCold    . . .     Gourm    .   (shield restricted)
rNeg     . . .     Faith    .   b - +0 robe
rPois    .         Spirit   .   (helmet restricted)
rElec    .         Reflect  .   (no cloak)
rCorr    .         Harm     .   (gloves unavailable)
MR       .....                  (boots unavailable)
Stlth    +++.......             (no amulet)
HPRegen  0.07/turn              (no ring)
MPRegen  0.12/turn              (no ring)

@: lethally poisoned (0 -> -4), very quick
A: very small, unfitting armour, see invisible, herbivore, speed 3, slow
metabolism 2
a: Recite, Donate Gold, Renounce Religion


You were on level 3 of the Dungeon.
You worshipped Zin.
Zin was aware of your devotion.
You were hungry.

You visited 1 branch of the dungeon, and saw 3 of its levels.

You collected 112 gold pieces.
You donated 11 gold pieces to Zin.

Inventory:

Hand Weapons
 h - a +2 dagger of venom (weapon)
 i - a +0 hunting sling
Missiles
 e - 29 stones
 l - 10 poisoned darts (quivered)
Armour
 b - a +0 robe (worn)
Jewellery
 n - an uncursed ring of magical power {unknown}
Scrolls
 c - a scroll of blinking {unknown}
 f - 5 scrolls of identify {unknown}
 g - 2 scrolls of enchant armour {unknown}
 k - 2 scrolls of teleportation {unknown}
Potions
 a - a potion of might {unknown}
 j - a potion of lignification {unknown}
 m - 2 potions of flight {unknown}
 o - a potion of magic {unknown}
Comestibles
 d - a ration


   Skills:
 - Level 1.1 Short Blades
 - Level 0.1 Throwing
 + Level 4.0 Dodging
 * Level 5.9 Stealth
 + Level 3.5 Spellcasting
 + Level 4.3 Hexes
 + Level 0.3 Ice Magic
 * Level 0.6 Invocations


You had one spell level left.
You knew the following spells:

 Your Spells              Type           Power        Failure   Level  Hunger
a - Corona                Hex            ###....      2%          1    None
b - Ensorcelled Hibernat  Hex/Ice        ##....       10%         2    ##.....
c - Confusing Touch       Hex            ###.....     9%          3    ###....
d - Tukima's Dance        Hex            ###.....     9%          3    ###....

Your spell library contained the following spells:

 Spells                   Type           Power        Failure   Level  Hunger
 Dazzling Flash           Conj/Hex       ##....       21%         3    ###....


Dungeon Overview and Level Annotations

Branches:
Dungeon (3/15)

Altars:
Elyvilon
Okawaru
Trog
Uskayaw
Zin


Innate Abilities, Weirdness & Mutations

You are very small and have problems with some larger weapons.
You are too small for most types of armour.
You have supernaturally acute eyesight. (SInv)
You are a herbivore.
You cover ground extremely quickly.
You need to consume almost no food.


Message History

You feel sick. The orc closely misses you. The adder completely misses you.
You hit the orc.
The orc looks as sick as possible!
The orc is heavily wounded.
You kill the orc!
The adder misses you.
The orc priest casts a cantrip, but nothing happens.
You miss the adder. The adder bites you.
You hit the adder.
The adder is poisoned.
The adder is moderately wounded.
The adder completely misses you. The adder bites you.
You are more poisoned.
The adder poisons you!
You hit the orc but do no damage.
The orc is poisoned.
You feel sick. The orc closely misses you. The adder completely misses you.
You closely miss the orc.
The orc is moderately wounded.
The orc hits you.
* * * LOW HITPOINT WARNING * * *
The adder bites you.
You die...

#...........##########
##.####.#.#...........#
##...###.#...#########.#
#........g.### #.#
#....###.#.# #.########
#.#.## #.#.#####
#........# .. #.#
#......g# ########.# ##
#.# #.#.###S# #.# .g.
#.#.# #@# #.# .....
#.#.# #o# #.#
.....$......


%oo #.# ##.....#. #.###o.# #.# ..(........# #..# ###.# ####(###..#.# #..# #...#
#..# #.### .... #..†# #.... You could see 2 orc priests, an adder, 2 orcs and a
hobgoblin.

Vanquished Creatures
  3 adders
  An ooze (D:1)
  An adder skeleton (D:2)
  2 worms (D:2)
  3 dart slugs
  A leopard gecko (D:2)
  An orc (D:3)
  3 giant cockroaches
  8 hobgoblins
  2 jackals (D:2)
  7 kobolds
  A quokka (D:3)
  4 bats
  4 frilled lizards
  10 goblins
  7 rats
58 creatures vanquished.

Notes
Turn   | Place    | Note
-------+----------+-------------------------------------------
     0 | D:1      | Emblim88 the Spriggan Enchanter began the quest for the
                  | Orb.
     0 | D:1      | Reached XP level 1. HP: 9/9 MP: 5/5
   342 | D:1      | Reached XP level 2. HP: 13/13 MP: 6/6
   346 | D:1      | Learned a level 2 spell: Ensorcelled Hibernation
   820 | D:1      | Reached skill level 5 in Stealth
   897 | D:1      | Reached XP level 3. HP: 16/16 MP: 2/8
  1331 | D:2      | Learned a level 3 spell: Confusing Touch
  2206 | D:2      | Reached XP level 4. HP: 21/21 MP: 7/10
  2316 | D:2      | Found a bloodstained altar of Trog.
  2323 | D:2      | Found a glowing silver altar of Zin.
  2327 | D:2      | Found a white marble altar of Elyvilon.
  2328 | D:2      | Found an iron altar of Okawaru.
  2331 | D:2      | Became a worshipper of Zin the Law-Giver
  2336 | D:2      | Learned a level 3 spell: Tukima's Dance
  2453 | D:2      | Reached * piety under Zin
  2757 | D:3      | Found a hide-covered altar of Uskayaw.
  2952 | D:3      | Noticed a +0 dagger
  2952 | D:3      | Noticed a +0 dagger
  3042 | D:3      | Slain by an adder

Levels and vault maps discovered:
D:1:      lemuel_arrival_behind_the_door_small, layout_loops_ring
D:2:      minmay_chambers_of_twos, layout_loops_ring, minitemple
D:3:      layout_loops_ring, dancing_weapons_uskayaw, grunt_ministairs_7

Skill      XL: |  1  2  3  4 |
---------------+-------------+-----
Spellcasting   | 3 |  3.5
Hexes          | 4 |  4.3
Stealth        | 5 |  5.9
Dodging        | 4 |  4.0
Short Blades   | |  1.1
Throwing       | |  0.1
Ice Magic      | |  0.3
Invocations    | |  0.6

Action                   |  1- 3 |  4- 6 || total
-------------------------+-------+-------++-------
Melee: Dagger            |    82 |    37 ||   119
Throw: Stone             |     2 |     1 ||     3
 Cast: Corona            |     4 |       ||     4
       Ensorcelled Hiber |    34 |    15 ||    49
       Confusing Touch   |     2 |       ||     2
 Stab: Sleeping          |    28 |     8 ||    36
       Confused          |     1 |       ||     1
  Eat: Ration            |       |     1 ||     1
Armor: Robe              |     8 |     4 ||    12
Dodge: Dodged            |    49 |    33 ||    82

Table legend:
 A = Non-vault XP
 B = Vault XP
 C = Vault XP percentage of total XP
 D = Non-vault monster count
 E = Vault monster count
 F = Vault count percentage of total count
                 A         B        C        D         E       F
            +---------+---------+-------+---------+---------+-------
      Total |     140 |      14 |   9.1 |      50 |       8 |  13.8
            +---------+---------+-------+---------+---------+-------
        D:1 |      46 |       0 |   0.0 |      22 |       0 |   0.0
        D:2 |      67 |      14 |  17.3 |      20 |       8 |  28.6
        D:3 |      27 |       0 |   0.0 |       8 |       0 |   0.0
            +---------+---------+-------+---------+---------+-------
